 Dungeon Crawl Stone Soup version 0.26-a0-1222-g14533b3512 (webtiles) character file.

Game seed: 7815500060750362164

2377794 Canard the Invulnerable (level 27, 245/245 HPs)
             Began as a Minotaur Gladiator on Dec 31, 2020.
             Was a High Priest of Trog.
             Escaped with the Orb
             ... and 4 runes!
             The game lasted 04:06:31 (75250 turns).

Canard the Invulnerable (Minotaur Gladiator)       Turns: 75250, Time: 04:06:31

Health: 245/245    AC: 68    Str: 32    XL:     27
Magic:  24/24      EV: 25    Int:  2    God:    Trog [*****.]
Gold:   4049       SH: 44    Dex: 18    Spells: 26/26 levels left

rFire    + + .     SeeInvis +   a - +10 zealot's sword {holy, *Rage rN+ EV+3}
rCold    + . .     Faith    .   x - +8 tower shield {rN+}
rNeg     + + .     Spirit   +   N - +21 crystal plate armour "Giomo" {Will+ Str+3 Int-3 Dex+4}
rPois    +         Reflect  .   m - +0 hat of Fortitude {+Inv rC+}
rElec    .         Harm     .   O - +2 cloak of the Thief {*Fog Slay-2 SInv Stlth+}
rCorr    +         Rampage  +   r - +2 pair of gloves
Will     ++++.     Rnd*Rage +   I - +2 pair of boots {rampage}
Stlth    ..........             A - brooch of Shielding {Spirit SH+8}
HPRegen  0.50/turn              k - ring "Ten Ocihats" {Wiz rF+ Dex+3}
MPRegen  0.19/turn              i - ring "Pyvac" {+Blink rPois Will+ rCorr Str-2}

@: no status effects
A: retaliatory headbutt, horns 2, molten scales 1, yellow scales 1, blurry
vision 1, clumsy 1, fire resistance 1, frail 1, high mp 1, poison resistance, no
potion heal 1
0: Orb of Zot
}: 4/15 runes: decaying, serpentine, silver, abyssal
a: Renounce Religion, Evoke Blink, Evoke Invisibility, Berserk, Trog's Hand,
Brothers in Arms


You escaped.
You worshipped Trog.
Trog was extremely pleased with you.
You visited 10 branches of the dungeon, and saw 50 of its levels.
You visited the Abyss 2 times.
You visited 1 bazaar.
You also visited: Ossuary.

You collected 8105 gold pieces.
You spent 4056 gold pieces at shops.

Inventory:

Hand Weapons
 a - the +10 zealot's sword (weapon) {holy, *Rage rN+ EV+3}
   (You found it on level 6 of the Lair of Beasts)

   It has been blessed by the Shining One to cause great damage to the undead
   and demons.
   It affects your evasion (+3).
   It protects you from negative energy.
   It may make you go berserk in combat.
 b - a +9 antimagic demon blade
   (Trog gifted it to you on level 3 of the Depths)
 c - a +9 demon blade of flaming
   (Trog gifted it to you on level 2 of the Orcish Mines)
Missiles
 d - 4 throwing nets
 z - 39 javelins
 D - 9 silver javelins (quivered)
Armour
 m - the +0 hat of Fortitude (worn) {+Inv rC+}
   (You found it on level 5 of the Depths)

   It protects you from cold.
   It lets you turn invisible.
 r - a +2 pair of gloves (worn)
   (You found it on level 2 of the Realm of Zot)
 x - a +8 tower shield of positive energy (worn)
   (You took it off a vault guard on level 4 of the Vaults)
 H - a +0 kite shield of reflection
   (You took it off Donald on level 1 of the Snake Pit)
 I - a +2 pair of boots of rampaging (worn)
   (You found it on level 1 of the Snake Pit)
 N - the +21 crystal plate armour "Giomo" (worn) {Will+ Str+3 Int-3 Dex+4}
   (You acquired it on level 3 of the Depths)

   It affects your strength (+3).
   It affects your intelligence (-3).
   It affects your dexterity (+4).
   It affects your willpower, your defense against some magical effects.
 O - the +2 cloak of the Thief (worn) {*Fog Slay-2 SInv Stlth+}
   (You bought it in a shop on level 1 of the Depths)

   It affects your accuracy and damage with ranged weapons and melee attacks
   (-2).
   It lets you see invisible.
   It makes you more stealthy.
Jewellery
 h - an uncursed amulet of regeneration
   (You found it on level 3 of the Elven Halls)
 i - the ring "Pyvac" (right hand) {+Blink rPois Will+ rCorr Str-2}
   (You acquired it on level 4 of the Lair of Beasts)

   [ring of resist corrosion]

   It affects your strength (-2).
   It protects you from poison.
   It affects your willpower, your defense against some magical effects.
   It lets you blink.
   It provides partial protection from all sources of acid and corrosion.
 k - the ring "Ten Ocihats" (left hand) {Wiz rF+ Dex+3}
   (You found it on level 3 of the Elven Halls)

   [ring of wizardry]

   It improves your spell success rate.
   It affects your dexterity (+3).
   It protects you from fire.
 A - the brooch of Shielding (around neck) {Spirit SH+8}
   (You found it on level 2 of the Snake Pit)

   [amulet of guardian spirit]

   It causes incoming damage to be split between your health and magic.
   It affects your SH (+8).
 J - a +6 ring of intelligence
   (You found it on level 3 of the Depths)
 T - the ring "Cextikk" {rN+ Int+8}
   (You took it off an orc on level 9 of the Dungeon)

   [ring of positive energy]

   It affects your intelligence (+8).
   It protects you from negative energy.
Wands
 u - a wand of acid (63)
   (You found it on level 4 of the Lair of Beasts)
 v - a wand of digging (14)
   (You found it on level 3 of the Dungeon)
 L - a wand of paralysis (24)
   (You found it on level 2 of the Swamp)
 X - a wand of iceblast (44)
   (You found it on level 2 of the Lair of Beasts)
Scrolls
 f - 36 scrolls of remove curse
 j - 7 scrolls of magic mapping
 s - 20 scrolls of teleportation
 w - 7 scrolls of blinking
 y - 4 scrolls of summoning
 F - 10 scrolls of fog
 P - 31 scrolls of identify
 Q - 2 scrolls of holy word
 S - 2 scrolls of silence
 U - 13 scrolls of fear
 V - 5 scrolls of immolation
Potions
 g - 19 potions of heal wounds
 l - 6 potions of mutation
 n - 7 potions of attraction
 p - 26 potions of curing
 q - 7 potions of flight
 t - 8 potions of haste
 B - 3 potions of cancellation
 K - 4 potions of ambrosia
 W - 4 potions of might
 Y - 4 potions of invisibility
 Z - 5 potions of resistance
Miscellaneous
 e - a tin of tremorstones (2/2)
   (You found it on level 3 of the Elven Halls)
 o - a phantom mirror
   (You found it on level 5 of the Vaults)
 C - a phial of floods
   (You found it on level 1 of the Vaults)
 G - a condenser vane
   (You found it on level 5 of the Vaults)


   Skills:
 O Level 27 Fighting
 - Level 23.0 Long Blades
 + Level 11.6 Throwing
 O Level 27 Armour
 + Level 22.1 Dodging
 + Level 26.8 Shields
 - Level 14.0 Evocations


You had 26 spell levels left.
You didn't know any spells.
Your spell library contained the following spells:

 Spells                   Type           Power        Failure   Level
 Animate Skeleton         Necr           0%           73%         1
 Apportation              Tloc           0%           73%         1
 Corona                   Hex            0%           73%         1
 Summon Small Mammal      Summ           0%           73%         1


Dungeon Overview and Level Annotations

Branches:
Dungeon (15/15)            Temple (1/1) D:4            Lair (6/6) D:10
  Swamp (4/4) Lair:2        Snake (4/4) Lair:4        Slime (0/5) Lair:5
    Orc (2/2) D:12            Elf (3/3) Orc:2        Vaults (5/5) D:14
  Crypt (0/3) Vaults:2     Depths (5/5) D:15            Zot (5/5) Depths:5
Ossuary (visited)

Altars:
Ashenzari
Cheibriados
Dithmenos
Elyvilon
Fedhas
Gozag
Hepliaklqana
Kikubaaqudgha
Makhleb
Nemelex Xobeh
Okawaru
Qazlal
Ru
Sif Muna
Trog
Uskayaw
Vehumet
Wu Jian
Xom
Yredelemnul
Zin
The Shining One
Beogh
Jiyva

Shops:
D:7 *   D:10 (!?}*   D:12 }   D:14 [   Orc:1 [   Orc:2 **!}   Elf:1 *[?
Elf:2 =(   Elf:3 !   Snake:3 (   Vaults:1 ((*   Depths:1 ![   Depths:4 =}}

Portals:
Hell: Depths:1 Depths:2 Depths:3 Depths:4 Depths:5
Abyss: Depths:2 Depths:4
Pandemonium: Depths:3
Ziggurat: Depths:5

Annotations:
Elf:1 need fly
Depths:5 2 transporters, 1994's ghost, master TeHu


Innate Abilities, Weirdness & Mutations

You reflexively headbutt those who attack you in melee.
You have a pair of horns on your head.
You are partially covered in molten scales. (AC +2)
You are partially covered in yellow scales. (AC +2)
Scrolls take you a little longer to read.
You are clumsy. (Dex -2)
Your flesh is heat resistant. (rF+)
You are frail. (-10% HP)
You have an increased reservoir of magic. (+10% MP)
Your system is resistant to poisons. (rPois)
Potions are less effective at restoring your health.


Message History

You see here a +0 dagger.
There is a stone staircase leading up here.
You climb upwards.
There is a stone staircase leading down here.
Things that are here:
a +0 whip; a gnoll skeleton
There is a stone staircase leading up here.
You climb upwards.
There is a stone staircase leading down, spattered with blood here.
There is a stone staircase leading up here.
You climb upwards.
There is a stone staircase leading down here.
Aiming: Dig
Press: ? - help, Shift-Dir - straight line A rock wall.
This square is covered in magical glow.
The rock shatters into small pieces.
There is an escape hatch in the floor here.
There is a staircase leading out of the dungeon here.
You have escaped!

#########.############'##########
# #..............................
#.#####...###'..)####..#######.
#.# ##..#.###...####..#### #. #.#
#'..##.##...#'##..##'####.
#.#####.....>..................
#.)..............#'###.........
#.#####.'####....### #.........
#.# #'.## #.@..# #....+####
#.#####.#####....#####....#####
#...........)..................
############################### #
# # #


There were no monsters in sight!

Vanquished Creatures
  7 orbs of fire
  9 ancient liches
  A juggernaut (Depths:3)
  3 Killer Klowns (Zot:5)
  6 curse toes
  11 golden dragons
  6 caustic shrikes
  Nikola (Swamp:2)
  2 bone dragons
  A profane servitor (Abyss:4)
  3 electric golems (Zot:5)
  22 tentacled monstrosities
  12 liches
  A Hell Sentinel (Abyss:2)
  24 Orb Guardians (Zot:5)
  3 deep elf blademasters
  2 titans (Vaults:5)
  A deep elf master archer (Elf:3)
  6 quicksilver dragons
  2 tentacled starspawn
  10 death cobs
  6 sphinxes
  3 Executioners
  17 tengu reavers
  A thorn hunter (Swamp:2)
  5 draconian monks
  Donald (Snake:1)
  14 storm dragons
  7 nagarajas
  16 shadow dragons
  11 fire giants
  13 frost giants
  13 vault wardens
  Aizul (Snake:3)
  10 deep elf sorcerers
  5 ghost moths
  3 draconian knights
  The ghost of Gruesome the Cloud Mage, an adept TeAE of Vehumet (Snake:1)
  A fenstrider witch (Swamp:3)
  4 iron dragons
  3 cacodemons (Abyss:4)
  A juggernaut zombie (Depths:4)
  8 draconian scorchers
  10 ironheart preservers
  4 draconian shifters
  4 draconian stormcallers
  8 deep elf elementalists (Elf:3)
  22 very ugly things
  3 draconian annihilators
  4 spriggan defenders
  2 war gargoyles
  30 stone giants
  5 vampire knights
  21 starcursed masses
  10 deep elf demonologists
  5 entropy weavers
  8 purple draconians
  11 green draconians
  15 white draconians
  12 red draconians
  An entropy weaver (shapeshifter) (Depths:1)
  10 black draconians
  13 yellow draconians
  9 deep elf annihilators (Elf:3)
  2 bunyips
  8 spark wasps
  A merfolk javelineer (Abyss:4)
  5 eleionomae
  17 deep elf death magi
  A crystal guardian (Vaults:3)
  2 green deaths (Swamp:4)
  An eleionoma (shapeshifter) (Depths:3)
  25 ettins
  15 fire dragons
  23 yaktaur captains
  20 ogre magi
  17 great orbs of eyes
  8 deep elf high priests
  2 jiangshi (Depths:4)
  41 vault guards
  9 boulder beetles
  13 naga warriors
  Erolcha (D:11)
  Fannar (D:12)
  9 spriggan air magi
  17 ice dragons
  10 rakshasas
  3 ghost crabs
  A catoblepas (Lair:2)
  14 hydras
  16 anacondas
  An alligator (Swamp:3)
  2 death knights
  26 dancing weapons
  4 death yaks
  10 centaur warriors
  A queen ant (Lair:5)
  57 two-headed ogres
  3 vampire magi
  6 deep troll earth magi
  11 spriggan berserkers
  Urug (Lair:2)
  16 thrashing horrors
  5 deep troll shamans
  8 tengu warriors
  3 soul eaters
  12 spriggans
  10 naga sharpshooters
  6 shock serpents
  2 shadow wraiths
  11 hell knights
  9 wretched stars
  4 salamander mystics
  2 sixfirhies
  27 deep elf knights
  7 spatial maelstroms
  An iron troll (Depths:2)
  The ghost of Scuka the Changer, a novice DrTm (D:7)
  An unseen horror (shapeshifter) (Depths:3)
  3 unseen horrors
  4 skeletal warriors (Vaults:1)
  4 sea snakes (Snake:3)
  7 goliath frogs
  The ghost of sanka the Covert, a novice SpEn (D:7)
  The ghost of bmj180 the Spear-Bearer, a novice MfGl of Okawaru (D:8)
  13 deep trolls
  24 deep elf archers
  10 naga ritualists
  4 spriggan druids
  15 ironbrand convokers
  6 swamp dragons
  9 glowing orange brains
  2 glowing orange brains (shapeshifter) (Depths:3)
  8 wizards
  5 flayed ghosts
  2 deep trolls (shapeshifter)
  The ghost of bmj180 the Magician, a novice GrFE of Vehumet (D:7)
  3 bog bodies
  4 phantasmal warriors
  A lindwurm (shapeshifter) (Depths:3)
  A lindwurm (Lair:5)
  A wolf spider zombie (D:15)
  14 orc knights
  9 mana vipers
  80 deep elf magi
  6 wolf spiders
  12 cyclopes
  36 ugly things
  13 salamanders
  8 necromancers
  5 oklob plants
  3 manticores
  10 orc sorcerers
  A shining eye (Abyss:4)
  5 will-o-the-wisps
  A worldbinder (Abyss:4)
  2 manticores (shapeshifter)
  31 moths of wrath
  12 guardian serpents
  A salamander (shapeshifter) (Vaults:4)
  A rust devil (Abyss:2)
  3 centaur zombies
  4 smoke demons
  14 naga magi
  15 vault sentinels
  32 black mambas
  3 orange demons (Swamp:4)
  6 komodo dragons
  41 large abominations
  24 cane toads
  A gargoyle (D:12)
  2 kobold demonologists
  A spriggan skeleton (Depths:4)
  4 rime drakes (Lair:5)
  8 freezing wraiths
  4 tengu conjurers
  A tormentor (Abyss:2)
  47 yaktaurs
  An efreet (Abyss:2)
  7 ancient zymes
  A rime drake (shapeshifter) (Abyss:4)
  3 queen bees (shapeshifter)
  A hellwing (Abyss:2)
  3 meliai (D:10)
  14 tyrant leeches
  2 jumping spiders
  A troll (shapeshifter) (D:13)
  A meliai (shapeshifter) (Vaults:1)
  6 trolls
  The ghost of nyvra the Grasshopper, an amateur GnWr of Gozag (D:7)
  A silent spectre (Abyss:2)
  A polar bear (shapeshifter) (Elf:2)
  3 polar bears
  12 hornets
  4 hornets (shapeshifter)
  20 raiju
  2 slime creatures (shapeshifter)
  18 blink frogs
  68 slime creatures
  A meliai zombie (D:15)
  A fire dragon zombie (Abyss:4)
  A fire giant simulacrum (Vaults:2)
  2 blink frogs (shapeshifter)
  4 air elementals
  7 ynoxinuls
  2 shadows
  5 wraiths
  2 flying skulls (Abyss:4)
  A spriggan (shapeshifter) (D:15)
  A vampire (D:9)
  6 redbacks
  11 water elementals
  8 wyverns
  4 fire bats (Abyss:4)
  2 yaks (shapeshifter)
  29 yaks
  A golden eye (shapeshifter) (Elf:3)
  9 basilisks
  4 fire elementals
  8 golden eyes (Abyss:4)
  2 chaos spawn
  An elf simulacrum (Depths:4)
  A neqoxec (Abyss:4)
  45 nagas
  24 vampire mosquitoes
  An elf skeleton (Depths:4)
  Menkaure (D:7)
  5 spatial vortices
  8 swamp worms
  A soldier ant (shapeshifter) (Depths:3)
  5 wargs
  24 soldier ants
  4 swamp drakes
  17 water moccasins
  6 hell hounds
  2 floating eyes
  32 orc warriors
  A hornet zombie (D:9)
  6 sky beasts
  20 small abominations
  2 eyes of draining
  2 ice beasts
  14 boggarts
  40 ogres
  A black bear (D:10)
  A black bear (shapeshifter) (Elf:2)
  4 phantoms
  A tengu (shapeshifter) (Depths:4)
  2 necrophages
  A boggart (shapeshifter) (Vaults:4)
  10 wolves
  An ogre (shapeshifter) (Vaults:4)
  24 centaurs
  4 big kobolds
  2 elf zombies (Ossuary)
  A wyvern zombie (D:11)
  A gnoll sergeant (D:8)
  25 bullfrogs
  4 earth elementals
  7 scorpions
  A wyvern skeleton (D:8)
  2 water moccasin skeletons
  6 killer bees (D:10)
  17 wights
  An electric eel (Lair:2)
  5 howler monkeys
  A bullfrog zombie (D:7)
  4 quasits
  2 bullfrog skeletons
  9 hounds
  7 jellies
  6 centaur skeletons
  3 iguanas
  20 orc priests
  45 orc wizards
  An iron imp (Abyss:4)
  Terence (D:2)
  Natasha (thrice) (D:3)
  6 hell rats (Lair:5)
  29 worker ants
  2 big kobold zombies (Ossuary)
  A hound zombie (D:9)
  2 mummies (Ossuary)
  A hound skeleton (D:8)
  12 adders
  10 gnolls
  A river rat (D:3)
  2 shadow imps
  4 white imps
  5 ufetubi
  An ooze (D:1)
  An adder skeleton (D:8)
  An adder zombie (D:6)
  5 worms
  A dart slug (D:1)
  9 leopard geckos
  112 orcs
  5 ball pythons
  4 bats
  3 giant cockroaches
  9 hobgoblins
  2 jackals (D:1)
  19 kobolds
  3 quokkas
  8 frilled lizards
  6 gnoll zombies (Ossuary)
  5 goblins
  3 hobgoblin zombies (Ossuary)
  An orc zombie (Ossuary)
  8 rats
  4 crawling corpses
  2 lurking horrors
  2 macabre masses (Abyss:4)
2657 creatures vanquished.

Vanquished Creatures (collateral kills)
  A curse toe (Zot:4)
  A draconian scorcher (Zot:4)
  A green draconian (Zot:4)
  A red draconian (Zot:5)
  A purple draconian (Zot:4)
  5 hydras
  A mana viper (Snake:3)
  A black mamba (Snake:3)
  An apocalypse crab (Abyss:4)
  A raiju (Abyss:4)
  A large abomination (Abyss:4)
  A soldier ant (Lair:5)
  A naga (Snake:3)
  An ufetubus (Abyss:4)
18 creatures vanquished.

Vanquished Creatures (others)
  An Orb Guardian (Zot:5)
  A storm dragon (Zot:4)
  A fire giant (Depths:5)
  A nagaraja (Snake:4)
  A frost giant (Vaults:5)
  2 draconian scorchers (Zot:3)
  A draconian annihilator (Zot:4)
  An eleionoma (Swamp:3)
  A rakshasa (Vaults:1)
  4 dancing weapons
  A thrashing horror (Elf:3)
  3 deep elf knights
  A wizard (Vaults:1)
  A spriggan druid (Swamp:3)
  2 moths of wrath
  A bloated husk (Swamp:2)
  A hornet (Swamp:3)
  A large abomination (Abyss:2)
  An ogre (shapeshifter) (Vaults:5)
  2 ogres (Vaults:5)
  A boggart (Vaults:1)
  A gnoll (Orc:1)
  A crawling corpse (Vaults:5)
  8 foxfires
  77 fungi
  2 lurking horrors
  124 plants
  8 starspawn tentacles
  2 withered plants (D:7)
252 creatures vanquished.

Grand Total: 2927 creatures vanquished

Notes
Turn   | Place    | Note
-------+----------+-------------------------------------------
     0 | D:1      | Canard the Minotaur Gladiator began the quest for the Orb.
     0 | D:1      | Reached XP level 1. HP: 18/18 MP: 0/0
   492 | D:1      | Reached XP level 2. HP: 25/25 MP: 1/1
   798 | D:1      | Reached skill level 5 in Long Blades
  1246 | D:2      | Reached XP level 3. HP: 23/30 MP: 2/2
  1693 | D:2      | Found an ornate altar of the Wu Jian Council.
  1728 | D:2      | Found a sparkling altar of Nemelex Xobeh.
  1865 | D:3      | Noticed Natasha
  1940 | D:3      | Noticed Terence
  2122 | D:2      | Killed Terence
  2123 | D:2      | Reached XP level 4. HP: 28/37 MP: 3/3
  2216 | D:3      | Killed Natasha
  2363 | D:3      | Found a broken altar of Ashenzari.
  2396 | D:3      | Found a glowing silver altar of Zin.
  2399 | D:3      | Found a shimmering altar of Xom.
  2402 | D:3      | Found a stormy altar of Qazlal.
  2544 | D:3      | Reached XP level 5. HP: 42/42 MP: 4/4
  2623 | D:3      | Noticed Natasha
  2628 | D:3      | Killed Natasha
  2774 | D:3      | Found an opulent altar of Gozag.
  2886 | D:3      | Found a faded altar of an unknown god.
  3018 | D:3      | Noticed Natasha
  3025 | D:3      | Killed Natasha
  3405 | D:3      | Reached XP level 6. HP: 35/50 MP: 5/5
  3551 | D:4      | Reached skill level 1 in Armour
  3822 | D:4      | Got a pitted falchion
  3823 | D:4      | Identified the +6 falchion of Spite {pain, rPois rF+ Will+
                  | Int+2} (You found it on level 4 of the Dungeon)
  3880 | D:4      | Reached XP level 7. HP: 26/58 MP: 6/6
  4164 | D:4      | Found a staircase to the Ecumenical Temple.
  4177 | Temple   | Entered the Ecumenical Temple
  4303 | Temple   | Became a worshipper of Trog the Wrathful
  4392 | D:5      | Entered Level 5 of the Dungeon
  4635 | D:5      | Reached skill level 5 in Fighting
  4981 | D:5      | Reached XP level 8. HP: 70/70 MP: 7/7
  5383 | D:5      | Reached skill level 5 in Armour
  5492 | D:5      | Reached * piety under Trog
  5557 | D:6      | Found a sand-covered staircase.
  5606 | Ossuary  | Entered an ossuary
  5776 | Ossuary  | Reached skill level 10 in Long Blades
  6001 | D:7      | Found a runed translucent gate.
  6001 | D:7      | Found a runed translucent gate.
  6001 | D:7      | Found a runed translucent gate.
  6001 | D:7      | Noticed Scuka's ghost (novice DrTm)
  6002 | D:7      | Noticed sanka's ghost (novice SpEn)
  6002 | D:7      | Noticed bmj180's ghost (novice GrFE)
  6002 | D:7      | Noticed nyvra's ghost (amateur GnWr)
  6051 | D:7      | Noticed Menkaure
  6054 | D:7      | Killed Menkaure
  6461 | D:6      | Reached XP level 9. HP: 80/82 MP: 8/8
  6646 | D:6      | Reached ** piety under Trog
  6921 | D:7      | Found a stormy altar of Qazlal.
  7127 | D:7      | Found Duriryet's Assorted Antiques.
  7234 | D:7      | Bought a fine scimitar for 261 gold pieces
  7234 | D:7      | Identified the +7 scimitar "Jorohuam" {vorpal, Dex+2
                  | Stlth+} (You bought it in a shop on level 7 of the Dungeon)
  7447 | D:7      | Found a sacrificial altar of Ru.
  7523 | D:7      | Killed bmj180's ghost
  7533 | D:7      | Killed sanka's ghost
  7541 | D:7      | Killed Scuka's ghost
  7542 | D:7      | Reached skill level 10 in Fighting
  7542 | D:7      | Reached skill level 5 in Throwing
  7542 | D:7      | Reached XP level 10. HP: 93/93 MP: 9/9
  7549 | D:7      | Killed nyvra's ghost
  7946 | D:8      | Reached *** piety under Trog
  7970 | D:8      | Found a runed translucent gate.
  7971 | D:8      | Found a runed translucent gate.
  7972 | D:8      | Found a runed translucent gate.
  7974 | D:8      | Noticed bmj180's ghost (novice MfGl)
  8183 | D:8      | Noticed a two-headed ogre
  8195 | D:8      | Killed a two-headed ogre
  8286 | D:8      | Found an ancient bone altar of Kikubaaqudgha.
  8664 | D:8      | Killed bmj180's ghost
  8890 | D:9      | Found an iron altar of Okawaru.
  9000 | D:9      | Reached skill level 1 in Evocations
  9007 | D:9      | Identified the ring "Cextikk" {rN+ Int+8}
  9011 | D:9      | Reached XP level 11. HP: 100/102 MP: 10/10
  9085 | D:9      | Found a hide-covered altar of Uskayaw.
  9087 | D:9      | Found a sparkling altar of Nemelex Xobeh.
  9087 | D:9      | Found a shimmering altar of Xom.
  9089 | D:9      | Found a radiant altar of Vehumet.
  9089 | D:9      | Found an opulent altar of Gozag.
  9089 | D:9      | Found a hide-covered altar of Uskayaw.
  9156 | D:9      | Reached **** piety under Trog
  9351 | D:9      | Found a blossoming altar of Fedhas.
  9558 | D:10     | Entered Level 10 of the Dungeon
  9588 | D:10     | Found Karofah's Gadget Boutique.
 10203 | D:10     | Noticed a two-headed ogre
 10231 | D:10     | Killed a two-headed ogre
 10398 | D:10     | Found Nodyaced's Magic Scroll Emporium.
 10406 | D:10     | Bought a scroll of fear for 42 gold pieces
 10794 | D:10     | Found Qiarer's Distillery.
 10797 | D:10     | Found a staircase to the Lair.
 10960 | D:10     | Found Weuguko's Assorted Antiques.
 10967 | D:10     | Bought a potion of heal wounds for 105 gold pieces
 10987 | D:10     | Bought a potion of resistance for 120 gold pieces
 11078 | D:10     | Found Meufu's Antique Weapon Boutique.
 11495 | D:11     | Noticed a four-headed hydra
 11673 | Lair:1   | Entered Level 1 of the Lair of Beasts
 11797 | Lair:1   | Reached ***** piety under Trog
 12227 | Lair:1   | Noticed a four-headed hydra
 12232 | Lair:1   | Killed a four-headed hydra
 12300 | Lair:1   | Noticed a five-headed hydra
 12309 | Lair:1   | Killed a five-headed hydra
 12681 | Lair:1   | Noticed a four-headed hydra
 12684 | Lair:1   | Killed a five-headed hydra
 12685 | Lair:1   | Reached XP level 12. HP: 96/113 MP: 9/11
 12930 | Lair:2   | Noticed a death yak
 12953 | Lair:2   | Killed a death yak
 12955 | Lair:2   | Noticed a death yak
 12992 | Lair:2   | Noticed a death yak
 13104 | Lair:2   | Noticed a death yak
 13116 | Lair:1   | Killed a death yak
 13117 | Lair:1   | Reached skill level 10 in Armour
 13126 | Lair:1   | Killed a death yak
 13184 | Lair:2   | Killed a death yak
 13295 | Lair:2   | Noticed a catoblepas
 13340 | Lair:2   | Killed a catoblepas
 13439 | Lair:2   | Noticed Urug
 13455 | Lair:2   | Killed Urug
 13456 | Lair:2   | Reached skill level 5 in Dodging
 13467 | Lair:2   | Noticed a boulder beetle
 13480 | Lair:2   | Killed a boulder beetle
 13928 | Lair:2   | Reached skill level 5 in Evocations
 14121 | Lair:2   | Found a staircase to the Swamp.
 15349 | Lair:4   | Noticed a boulder beetle
 15365 | Lair:4   | Killed a boulder beetle
 15458 | Lair:4   | Identified a scroll of acquirement
 15458 | Lair:4   | Acquired the ring "Pyvac" {+Blink rPois Will+ rCorr Str-2}
 15530 | Lair:4   | Found a staircase to the Snake Pit.
 16045 | Lair:4   | Reached XP level 13. HP: 118/123 MP: 10/12
 17024 | Lair:5   | Noticed an entropy weaver
 17917 | Lair:5   | Reached skill level 15 in Long Blades
 18478 | Lair:5   | Killed an entropy weaver
 18750 | Lair:5   | Noticed an entropy weaver
 18767 | Lair:5   | Killed an entropy weaver
 19642 | Lair:5   | Found a staircase to the Slime Pits.
 19715 | Lair:5   | Found a viscous altar of Jiyva.
 20110 | Lair:6   | Entered Level 6 of the Lair of Beasts
 20448 | Lair:6   | Reached XP level 14. HP: 92/133 MP: 7/13
 21246 | Lair:6   | Reached skill level 15 in Fighting
 21728 | Lair:6   | Found the +10 zealot's sword {holy, *Rage rN+ EV+3}
 22142 | D:11     | Noticed Erolcha
 22145 | D:11     | Killed Erolcha
 22394 | D:11     | Found a burning altar of Makhleb.
 22397 | D:11     | Noticed a balrug
 22712 | D:12     | Noticed a fire giant
 22713 | D:12     | Found a runed translucent door.
 22723 | D:12     | Reached skill level 1 in Shields
 22726 | D:12     | Killed a fire giant
 22775 | D:12     | Found a sacrificial altar of Ru.
 22800 | D:12     | Found a staircase to the Orcish Mines.
 22803 | D:12     | Received a gift from Trog
 22815 | D:12     | Noticed Fannar
 22837 | D:12     | Killed Fannar
 23057 | D:12     | Identified the +3 long sword of Pestilence {vorpal, rN+
                  | Str+2 Int+4} (You found it on level 12 of the Dungeon)
 23244 | D:12     | Found Caiciw's Gadget Emporium.
 23456 | D:13     | Noticed a tengu reaver
 23921 | D:13     | Killed a tengu reaver
 23922 | D:13     | Reached skill level 5 in Shields
 24691 | D:14     | Found Pacwyaz's Armour Shoppe.
 24758 | D:14     | Reached XP level 15. HP: 144/144 MP: 14/14
 25264 | D:14     | Reached skill level 10 in Shields
 25287 | D:14     | Found a gate to the Vaults.
 25555 | D:15     | Entered Level 15 of the Dungeon
 25770 | D:15     | Reached ****** piety under Trog
 26229 | D:15     | Received a gift from Trog
 26273 | D:15     | Found a staircase to the Depths.
 26560 | Orc:1    | Entered Level 1 of the Orcish Mines
 26794 | Orc:1    | Found Biobesag's Antique Armour Boutique.
 27147 | Orc:2    | Entered Level 2 of the Orcish Mines
 27455 | Orc:2    | Received a gift from Trog
 27557 | Orc:2    | Found a bloodstained altar of Trog.
 27922 | Orc:2    | Found a staircase to the Elven Halls.
 28088 | Orc:2    | Found a roughly hewn altar of Beogh.
 28097 | Orc:2    | Found Nomumugh's Distillery.
 28108 | Orc:2    | Received a gift from Trog
 28119 | Orc:2    | Bought a potion of heal wounds for 60 gold pieces
 28119 | Orc:2    | Bought a potion of heal wounds for 60 gold pieces
 28124 | Orc:2    | Found Rasa Holyrr's Gadget Shoppe.
 28273 | Orc:2    | Found Fituob's Assorted Antiques.
 28273 | Orc:2    | Found Nuing's General Store.
 28287 | Orc:2    | Bought a scroll of fog for 24 gold pieces
 28376 | Elf:1    | Entered Level 1 of the Elven Halls
 28566 | Elf:1    | Found Zofy's General Store.
 28570 | Elf:1    | Found Kadar's Antique Armour Shop.
 28571 | Elf:1    | Found Lymosk's Magic Scroll Boutique.
 28578 | Elf:1    | Bought a scroll of fear for 49 gold pieces
 28580 | Elf:1    | Bought a bloodstained plate armour for 868 gold pieces
 28580 | Elf:1    | Identified the cursed +1 plate armour "Xieqauw" {+Inv rF-
                  | rC++ Slay+3} (You bought it in a shop on level 1 of the
                  | Elven Halls)
 28641 | Elf:1    | Reached skill level 15 in Armour
 28741 | Elf:1    | Reached XP level 16. HP: 154/154 MP: 15/15
 28832 | Elf:1    | Received a gift from Trog
 29914 | D:10     | Bought a potion of experience for 600 gold pieces
 29914 | D:10     | Reached XP level 17. HP: 162/162 MP: 16/16
 30007 | Snake:1  | Entered Level 1 of the Snake Pit
 30104 | Snake:1  | Noticed Donald
 30131 | Snake:1  | Killed Donald
 30336 | Snake:1  | Reached skill level 10 in Evocations
 30340 | Snake:1  | Noticed Gruesome's ghost (adept TeAE)
 30341 | Snake:1  | Found a runed translucent gate.
 30341 | Snake:1  | Found a runed translucent gate.
 30389 | Snake:1  | Received a gift from Trog
 30585 | Snake:1  | Found a runed translucent gate.
 31367 | Snake:1  | Killed Gruesome's ghost
 31882 | Snake:2  | Found the brooch of Shielding {Spirit SH+8}
 32170 | Snake:3  | Found Suco's Weapon Boutique.
 32930 | Snake:3  | Received a gift from Trog
 33618 | Snake:3  | Noticed Aizul
 33636 | Snake:3  | Killed Aizul
 33700 | Snake:4  | Entered Level 4 of the Snake Pit
 33757 | Snake:4  | Reached XP level 18. HP: 174/174 MP: 17/17
 33849 | Snake:4  | Reached XP level 19. HP: 184/184 MP: 18/18
 33850 | Snake:4  | Reached XP level 20. HP: 193/193 MP: 19/19
 34268 | Snake:4  | Reached skill level 15 in Shields
 35575 | Snake:4  | Received a gift from Trog
 36732 | Snake:4  | Got a serpentine rune of Zot
 36907 | Swamp:1  | Entered Level 1 of the Swamp
 37439 | Swamp:2  | You fall into a shaft and drop 1 floor!
 37448 | Swamp:3  | Received a gift from Trog
 37524 | Swamp:2  | Gained mutation: You are partially covered in yellow
                  | scales. (AC +2) [mutagenic glow]
 37534 | Swamp:2  | Gained mutation: Your body sometimes deteriorates upon
                  | taking damage. [mutagenic glow]
 37550 | Swamp:2  | Gained mutation: You do not regenerate when monsters are
                  | visible. [mutagenic glow]
 37551 | Swamp:2  | Lost mutation: You do not regenerate when monsters are
                  | visible. [potion of mutation]
 37551 | Swamp:2  | Lost mutation: Your body sometimes deteriorates upon taking
                  | damage. [potion of mutation]
 37551 | Swamp:2  | Gained mutation: You are frail. (-10% HP) [potion of
                  | mutation]
 37551 | Swamp:2  | Gained mutation: Your body sometimes deteriorates upon
                  | taking damage. [potion of mutation]
 37551 | Swamp:2  | Gained mutation: You expend magic power (3 MP) to
                  | strengthen your wands. [potion of mutation]
 37552 | Swamp:2  | Lost mutation: You are frail. (-10% HP) [potion of
                  | mutation]
 37552 | Swamp:2  | Lost mutation: You expend magic power (3 MP) to strengthen
                  | your wands. [potion of mutation]
 37552 | Swamp:2  | Gained mutation: You are weak. (Str -2) [potion of
                  | mutation]
 37552 | Swamp:2  | Gained mutation: You passively map a small area around you.
                  | [potion of mutation]
 37831 | Swamp:2  | Noticed Nikola
 38013 | Swamp:2  | Killed Nikola
 38872 | Swamp:4  | Entered Level 4 of the Swamp
 39224 | Swamp:4  | Reached XP level 21. HP: 193/204 MP: 18/20
 39271 | Swamp:4  | Received a gift from Trog
 39691 | Swamp:4  | Got a decaying rune of Zot
 40421 | Elf:2    | Received a gift from Trog
 40529 | Elf:2    | Found Atoi's Antique Weapon Emporium.
 40581 | Elf:2    | Found Minewu's Jewellery Emporium.
 40604 | Elf:2    | Found a flickering gateway to a bazaar.
 40616 | Bazaar   | Entered a bazaar
 40642 | Bazaar   | Found Igodem's Distillery.
 40671 | Bazaar   | Found Ogoxiun's Distillery.
 40698 | Bazaar   | Found Naudelaoph's Gadget Emporium.
 40718 | Bazaar   | Found Lioviwko's Gadget Emporium.
 40751 | Bazaar   | Bought a potion of heal wounds for 80 gold pieces
 40751 | Bazaar   | Bought a potion of haste for 160 gold pieces
 40751 | Bazaar   | Bought 2 potions of mutation for 256 gold pieces
 41077 | Elf:2    | Found a huge runed translucent gate.
 41077 | Elf:2    | Found a huge runed translucent gate.
 41077 | Elf:2    | Found a huge runed translucent gate.
 41077 | Elf:2    | Found a huge runed translucent gate.
 41080 | Elf:2    | Found a huge runed translucent gate.
 41310 | Elf:2    | Received a gift from Trog
 41839 | Elf:3    | Entered Level 3 of the Elven Halls
 42275 | Elf:3    | Cast into level 4 of the Abyss (a deep elf sorcerer)
 42463 | Abyss:4  | Reached skill level 10 in Throwing
 42469 | Abyss:4  | Noticed a profane servitor
 42477 | Abyss:4  | Killed a profane servitor
 42480 | Abyss:4  | Received a gift from Trog
 42752 | Abyss:4  | Reached skill level 10 in Dodging
 42757 | Abyss:4  | Paralysed by accursed screaming for 1 turns
 42859 | Abyss:4  | Reached XP level 22. HP: 110/217 MP: 14/16
 43412 | Abyss:4  | Received a gift from Trog
 43425 | Abyss:4  | Paralysed by you for 7 turns
 43442 | Abyss:4  | Found a corrupted altar of Lugonu.
 43443 | Abyss:5  | Entered Level 5 of the Abyss
 43596 | Elf:3    | Escaped the Abyss
 43787 | Elf:3    | Identified the Guide on Feathery Calling
 43824 | Elf:3    | Identified the ring "Ten Ocihats" {Wiz rF+ Dex+3} (You
                  | found it on level 3 of the Elven Halls)
 43844 | Elf:3    | Identified the +8 scimitar of the Final Chapter {vorpal,
                  | rC- rN+ SInv} (You found it on level 3 of the Elven Halls)
 43906 | Elf:3    | Identified the +2 ring mail of Tetauny {Will+ Str+3 Int+2}
 44471 | Elf:3    | Identified the +5 morningstar "Wuoxec" {freeze, +Blink
                  | Dex+4}
 44475 | Elf:3    | Received a gift from Trog
 45156 | Elf:3    | Found Xisurgh's Distillery.
 45173 | Elf:3    | Bought a potion of heal wounds for 50 gold pieces
 45173 | Elf:3    | Bought a potion of haste for 100 gold pieces
 45173 | Elf:3    | Bought a potion of heal wounds for 50 gold pieces
 45277 | Elf:3    | Bought a potion of might for 40 gold pieces
 45277 | Elf:3    | Bought 2 potions of mutation for 160 gold pieces
 45464 | Vaults:1 | Entered Level 1 of the Vaults
 45464 | Vaults:1 | Found Juesifao's Weapon Boutique.
 45587 | Vaults:1 | Found Zorech's Antique Weapon Shop.
 45656 | Vaults:1 | Received a gift from Trog
 45821 | Vaults:1 | Found Acizoxul's Assorted Antiques.
 45964 | Vaults:1 | Reached XP level 23. HP: 229/229 MP: 22/22
 45999 | Vaults:1 | Bought a scroll of teleportation for 78 gold pieces
 46113 | Vaults:1 | Received a gift from Trog
 47195 | Vaults:2 | Received a gift from Trog
 47982 | Vaults:2 | Found a staircase to the Crypt.
 48780 | Vaults:3 | Received a gift from Trog
 49081 | Vaults:3 | Identified the +7 plate armour of Hubris {*Slow rElec
                  | Regen+ Dex+9} (You found it on level 3 of the Vaults)
 49943 | Vaults:3 | Received a gift from Trog
 50820 | Vaults:4 | Reached XP level 24. HP: 238/238 MP: 22/22
 51025 | Vaults:4 | Received a gift from Trog
 52107 | Vaults:5 | Entered Level 5 of the Vaults
 52662 | Vaults:5 | Reached skill level 15 in Dodging
 52947 | Vaults:5 | Received a gift from Trog
 53211 | Vaults:5 | Noticed an ancient lich
 53291 | Vaults:5 | Killed an ancient lich
 53540 | Vaults:5 | Noticed an ancient lich
 53709 | Vaults:5 | Killed an ancient lich
 53710 | Vaults:5 | Reached XP level 25. HP: 250/250 MP: 20/22
 54104 | Vaults:5 | Identified the +8 trident of Xeplam {freeze, rF+ Int+3}
 54104 | Vaults:5 | Identified the cursed +1 halberd of the Well-Known Lives
                  | {freeze, Will++ Int-5}
 54440 | Vaults:5 | Identified the +11 scythe of Day {freeze, rF++ Stlth+}
 54452 | Vaults:4 | Received a gift from Trog
 55243 | Vaults:5 | Received a gift from Trog
 55350 | Vaults:5 | Identified the ring "Usoucum" {rElec rF+ rCorr Str-5} (You
                  | found it on level 5 of the Vaults)
 55511 | Vaults:5 | Got a silver rune of Zot
 55718 | Vaults:5 | Noticed an ancient lich
 55731 | Vaults:5 | Killed an ancient lich
 56450 | Depths:1 | Entered Level 1 of the Depths
 56954 | Depths:1 | Found Eschip's Antique Armour Emporium.
 56954 | Depths:1 | Found Woudghor's Distillery.
 57031 | Depths:1 | Bought a potion of heal wounds for 85 gold pieces
 57031 | Depths:1 | Bought a potion of heal wounds for 85 gold pieces
 57040 | Depths:1 | Bought the +2 cloak of the Thief {*Fog Slay-2 SInv Stlth+}
                  | for 723 gold pieces
 57040 | Depths:1 | Found the +2 cloak of the Thief {*Fog Slay-2 SInv Stlth+}
 57248 | Depths:1 | Received a gift from Trog
 57305 | Depths:1 | Found a bloodstained altar of Trog.
 57506 | Depths:1 | You fall into a shaft and drop 1 floor!
 57837 | Depths:1 | Found a gateway to Hell.
 57863 | Depths:1 | Reached XP level 26. HP: 261/261 MP: 22/22
 58598 | Depths:2 | Identified Irrenemo's Reference Book on Supportive Snow
 58732 | Depths:2 | Received a gift from Trog
 59385 | Depths:2 | Found a one-way gate to the infinite horrors of the Abyss.
 59394 | Depths:2 | Voluntarily entered the Abyss.
 59686 | Abyss:2  | Found a corrupted altar of Lugonu.
 59857 | Abyss:2  | Found a corrupted altar of Lugonu.
 60174 | Abyss:3  | Found a corrupted altar of Lugonu.
 60310 | Abyss:4  | Received a gift from Trog
 60318 | Abyss:4  | Gained mutation: You are dopey. (Int -2) [a cacodemon]
 60338 | Abyss:4  | Lost intelligence.
 60460 | Abyss:4  | Got an abyssal rune of Zot
 60489 | Depths:2 | Escaped the Abyss
 60551 | Depths:3 | Lost mutation: You are dopey. (Int -2) [potion of mutation]
 60551 | Depths:3 | Lost mutation: You passively map a small area around you.
                  | [potion of mutation]
 60551 | Depths:3 | Lost mutation: Your body sometimes deteriorates upon taking
                  | damage. [potion of mutation]
 60551 | Depths:3 | Lost mutation: You are weak. (Str -2) [potion of mutation]
 60551 | Depths:3 | Gained mutation: Scrolls take you a little longer to read.
                  | [potion of mutation]
 60551 | Depths:3 | Gained mutation: Your flesh is heat resistant. (rF+)
                  | [potion of mutation]
 60551 | Depths:3 | Gained mutation: Your system is resistant to poisons.
                  | (rPois) [potion of mutation]
 61259 | Depths:3 | Received a gift from Trog
 61392 | Depths:3 | Identified the cursed +0 chain mail "Gakhetu" {Str+4} (You
                  | found it on level 3 of the Depths)
 61879 | Depths:3 | Found a one-way gate leading to the halls of Pandemonium.
 61985 | Depths:3 | Reached XP level 27. HP: 271/271 MP: 22/22
 62005 | Depths:3 | Reached skill level 27 in Armour
 62018 | Depths:3 | Received a gift from Trog
 62207 | Depths:3 | Reached skill level 27 in Fighting
 62216 | Depths:3 | Noticed a juggernaut
 62242 | Depths:3 | Killed a juggernaut
 62384 | Depths:3 | Acquired the +21 crystal plate armour "Giomo" {Will+ Str+3
                  | Int-3 Dex+4}
 62780 | Depths:3 | Identified the amulet "Jojei" {Inacc rC+} (You found it on
                  | level 3 of the Depths)
 63138 | Depths:3 | Received a gift from Trog
 63474 | Depths:4 | You fall into a shaft and drop 1 floor!
 63474 | Depths:5 | Entered Level 5 of the Depths
 63529 | Depths:5 | Found a transporter.
 63529 | Depths:5 | Noticed an ancient lich
 63529 | Depths:5 | Noticed 1994's ghost (master TeHu)
 63537 | Depths:5 | Found a transporter.
 63578 | Depths:5 | Found a gate to the Realm of Zot.
 63894 | Depths:5 | Received a gift from Trog
 64237 | Depths:5 | Identified the +4 long sword "Kaptazoc" {flame, rPois}
 64852 | Depths:4 | Found Tifu's Gadget Boutique.
 64853 | Depths:4 | Found Jiat's Jewellery Emporium.
 64854 | Depths:4 | Found Sybo's Gadget Boutique.
 65000 | Depths:4 | Received a gift from Trog
 65245 | Depths:5 | Found a gateway to a ziggurat.
 65302 | Depths:5 | Identified the +1 hat of Utamoz {rN+} (You found it on
                  | level 5 of the Depths)
 65319 | Depths:5 | Found a radiant altar of Vehumet.
 65336 | Depths:5 | Identified the +0 hat of Fortitude {+Inv rC+} (You found it
                  | on level 5 of the Depths)
 65580 | Zot:1    | Entered Level 1 of the Realm of Zot
 66692 | Zot:2    | Noticed an orb of fire
 66692 | Zot:2    | Noticed an orb of fire
 66718 | Zot:2    | Killed an orb of fire
 67286 | Zot:2    | Killed an orb of fire
 67932 | Zot:2    | You fall into a shaft and drop 2 floors!
 67939 | Zot:4    | Received a gift from Trog
 68308 | Zot:3    | Noticed an orb of fire
 69104 | Zot:2    | Received a gift from Trog
 69730 | Zot:3    | Gained mutation: You have an increased reservoir of magic.
                  | (+10% MP) [an orb of fire]
 69739 | Zot:3    | Killed an orb of fire
 71146 | Zot:5    | Entered Level 5 of the Realm of Zot
 71415 | Zot:5    | Noticed an ancient lich
 71452 | Zot:5    | Killed an ancient lich
 71457 | Zot:5    | Received a gift from Trog
 71705 | Zot:5    | Noticed an orb of fire
 71708 | Zot:5    | Gained mutation: You are frail. (-10% HP) [an orb of fire]
 71728 | Zot:5    | Killed an orb of fire
 71876 | Zot:5    | Noticed an orb of fire
 71886 | Zot:5    | Gained mutation: You are partially covered in molten
                  | scales. (AC +2) [an orb of fire]
 72105 | Zot:5    | Gained mutation: Potions are less effective at restoring
                  | your health. [an orb of fire]
 72112 | Zot:5    | Killed an orb of fire
 72186 | Zot:5    | Noticed an orb of fire
 72197 | Zot:5    | Killed an orb of fire
 72492 | Zot:5    | Noticed an orb of fire
 72510 | Zot:5    | Gained mutation: You are clumsy. (Dex -2) [an orb of fire]
 72511 | Zot:5    | Killed an orb of fire
 72534 | Zot:5    | Noticed an ancient lich
 72685 | Zot:5    | Killed an ancient lich
 72757 | Zot:5    | Noticed an ancient lich
 72773 | Zot:5    | Killed an ancient lich
 72850 | Zot:5    | Noticed an ancient lich
 72862 | Zot:5    | Killed an ancient lich
 73181 | Zot:5    | Noticed an ancient lich
 73499 | Zot:5    | Killed an ancient lich
 74692 | Zot:5    | Noticed an ancient lich
 74707 | Zot:5    | Killed an ancient lich
 74866 | Zot:5    | Got the Orb of Zot
 75250 | D:$      | Escaped with the Orb!

Illustrated notes

Levels and vault maps discovered:
D:1:      shiori_angband_town, layout_basic
D:2:      layout_basic, nzn_wu_jian_council_hall, nemelex_altar_shiori
D:3:      layout_rooms, cheibrodos_ashenzari_chains, general_overflow_altar,
          grunt_temple_overflow_diamond, portal_sewer_entry_e,
          chequers_ecumenical_altar_grove, hex_medium, roderic_serpentine_path,
          grunt_ministairs_1, hangedman_decor_points, minmay_mini_jars,
          uniq_terence, uniq_natasha
D:4:      layout_gridville, temple_hall, columned_hall_lemuel
D:5:      layout_basic
D:6:      layout_basic, enter_ossuary_1
D:7:      layout_basic, nicolae_ru_path_of_blood, gammafunk_ghost_cemetery,
          serial_shops, shop, basic_altar, lemuel_another_geyser, uniq_menkaure
D:8:      layout_basic, kiku_gazebo_pond_becter, ebering_ghost_rock_garden,
          minmay_holes, grunt_decor_fettered
D:9:      layout_loops_cross, old_standard_altar, overflow_temple_1_default,
          hangedman_decor_lopped, doesnt_xom_only_xom
D:10:     layout_irregular_city, grunt_lair_entry_orc_guard_hut, serial_shops,
          shop, shop, shop, shop, nicolae_shop_statue_plus
D:11:     layout_rooms, hangedman_abyss_or_decor_jellyfish_corner,
          minmay_misc_feat_five, chequers_serial_rivers_small_3,
          makhleb_altar_promises_db, uniq_erolcha
D:12:     layout_loops_ring, david_orc_3, basic_altar, serial_shops,
          nicolae_shop_window_shopping, kennysheep_treasure_room, uniq_fannar
D:13:     layout_grid_maze, minmay_radiant
D:14:     layout_basic, erik_vaults_2, serial_shops, shop, minivault_4
D:15:     gammafunk_enter_depths_forms, layout_cave_pools,
          corexii_hall_statues_l
Temple:   jpeg_temple_clearing
Lair:1:   layout_concentric_octagons, grunt_megastairs_3
Lair:2:   layout_loops_ring, minmay_swamp_entry_worms,
          minmay_lair_oklob_chamber, infiniplex_staircase_pool_2,
          serial_bayou_shore_a, uniq_urug
Lair:3:   layout_regular_city, grunt_megastairs_1, lemuel_fruit_fields
Lair:4:   layout_roguey, minmay_snake_entry_guardpost_large,
          chequers_serial_rivers_large_a
Lair:5:   layout_small_grid, slime_altar_1, gauntlet_entry_generic, special_room
          [special_room_mythical_zoo], minivault_29
Lair:6:   minmay_lair_end_frog_pond, layout_regular_city
Swamp:1:  layout_falls_marsh, hangedman_swamp_blocks, swamp_pool5, ldierk_geyser
Swamp:2:  layout_basic_swamp, evilmike_swamp_ruin_house_1, uniq_nikola
Swamp:3:  layout_falls_marsh, nicolae_swamp_trees_clearing
Swamp:4:  swamp_vile, layout_basic_swamp
Snake:1:  layout_honeycomb, gammafunk_ghost_split, uniq_donald
Snake:2:  layout_misc_corridors, statue_in_the_mist_lemuel, serial_bayou_pond_c,
          drop_trap
Snake:3:  layout_rooms, serial_shops, shop, guppyfry_snake_island, uniq_aizul
Snake:4:  grunt_snake_rune_serpentine_throne, layout_cave_town,
          hangedman_snake_corridor_cut
Orc:1:    layout_caves, serial_shops, shop_fountains
Orc:2:    st_orc_town, layout_caves, bloody_trog
Elf:1:    eino_elf_arrival_customs, layout_gridlike, evilmike_minifort,
          minmay_shop_star
Elf:2:    layout_rooms, serial_shops, bzr_entry_dummy, shop,
          nicolae_shop_temple_entry_statues_fountains
Elf:3:    minmay_elf_hall_hex, layout_geoelf_octagon, serial_shops, shop_statue,
          minmay_misc_feat_cross
Vaults:1: v_alt_pattern_2, vaults_mumra_lcd, ontoclasm_vaults_tryst,
          vaults_dpeg_cross, hangedman_vaults_slice, v_misc_28, v_misc_29,
          nicolae_vaults_triangles, nicolae_vaults_little_squares_4, v_misc_25,
          v_misc_29, layout_vaults_omnibox, serial_shops,
          nicolae_shop_statue_plus, nicolae_shop_stone, shop
Vaults:2: nicolae_vaults_puzzle_piece, vaults_dpeg_doors, vaults_room_pools,
          v_misc_17, minmay_crypt_entry_simple_statues, v_misc_32, v_misc_29,
          v_misc_27, nicolae_vaults_little_squares_2,
          nicolae_vaults_three_branches, nicolae_vaults_little_ls, serial_ice_b,
          nicolae_vaults_little_squares_6, hangedman_vaults_nails,
          layout_vaults_omnicross
Vaults:3: v_misc_8, v_misc_30, dpeg_vaults_monster_box, v_misc_25,
          nicolae_vaults_what_the_h, hangedman_vaults_cutoff,
          nicolae_vaults_big_ls, nicolae_vaults_little_squares_2,
          ontoclasm_vaults_pinch, ontoclasm_vaults_misaligned,
          hangedman_vaults_cutoff, layout_vaults_maze
Vaults:4: grunt_vaults_bifocal, v_misc_18, nicolae_vaults_little_squares_4,
          ontoclasm_vaults_shuriken, nicolae_vaults_quartermaster,
          vaults_standard_mumra_lines, vaults_mumra_minichess_inversion,
          vaults_room_ringed_pool, ontoclasm_vaults_fault,
          layout_vaults_quadrants
Vaults:5
Depths:1: layout_basic, pf_vacation_house_of_asmodeus, minmay_misc_feat_chi,
          evilmike_spriggan_trog_shrine, grunt_megastairs_4,
          serial_bayou_shore_b, minmay_shoptagon
Depths:2: kennysheep_windowed_halls, layout_gridlike, nrook_uturn,
          marbit_kobold_abyss_entry, hell_entry,
          minmay_fractal_squares_diagonal_5
Depths:3: minmay_the_grid_ultimate [minmay_the_grid_prize_inner_circle,
          minmay_the_grid_prize_four_corners,
          minmay_the_grid_prize_shrinking_boxes,
          minmay_the_grid_prize_trominoes,
          minmay_the_grid_square_5x5_sharp_hourglass,
          minmay_the_grid_square_5x5_bracketed,
          minmay_the_grid_square_5x5_minivault,
          minmay_the_grid_square_5x5_inner_v,
          minmay_the_grid_square_5x5_fancy_junction,
          minmay_the_grid_square_5x5_hourglass,
          minmay_the_grid_square_5x5_gyroscope, minmay_the_grid_square_5x5_plus,
          minmay_the_grid_square_5x5_three_walls,
          minmay_the_grid_square_5x5_intrusive_squares,
          minmay_the_grid_square_5x5_three, minmay_the_grid_square_5x5_dogpile,
          minmay_the_grid_square_5x5_one_wall,
          minmay_the_grid_square_5x5_six_small,
          minmay_the_grid_square_5x5_seven,
          minmay_the_grid_triangle_9x9_skeleton,
          minmay_the_grid_triangle_9x9_pentomino_pain,
          minmay_the_grid_triangle_9x9_steps,
          minmay_the_grid_triangle_9x9_semitri,
          minmay_the_grid_triangle_9x9_odd_lines,
          minmay_the_grid_triangle_9x9_flanged_cone,
          minmay_the_grid_triangle_9x9_thin_v,
          minmay_the_grid_triangle_9x9_descending_squares,
          minmay_the_grid_triangle_9x9_cache,
          minmay_the_grid_triangle_9x9_from_above,
          minmay_the_grid_triangle_9x9_longest,
          minmay_the_grid_triangle_9x9_impossible_snake,
          minmay_the_grid_triangle_9x9_corrupted_corridor,
          minmay_the_grid_triangle_9x9_negative_grid,
          minmay_the_grid_triangle_9x9_dagger,
          minmay_the_grid_triangle_9x9_wacky_v, minmay_the_grid_square_5x5_bite,
          minmay_the_grid_octo_odd_swirl, minmay_the_grid_octo_fan_narrow,
          minmay_the_grid_octo_toaster, minmay_the_grid_octo_fat_diamond,
          minmay_the_grid_octo_focus, minmay_the_grid_octo_tetromino_candy,
          minmay_the_grid_octo_horde, minmay_the_grid_octo_empty,
          minmay_the_grid_eight, minmay_the_grid_tiny_cups, minmay_the_grid_fan,
          minmay_the_grid_odd_star], hell_entry, pan_entry, serial_shops
Depths:4: kennysheep_cluttered_fort, layout_basic, hangedman_abyss_entry_splay,
          pf_coc_iceberg, infiniplex_staircase_pool_1, minmay_shop_grove,
          serial_bayou_shore_b, serial_bayou_shore_b, serial_bayou_shore_b
Depths:5: grunt_crosshair, layout_small_grid, enter_ziggurat_e, hell_entry,
          gammafunk_ghost_mausoleum, nicolae_lava_and_water,
          grunt_tower_of_power
Zot:1:    layout_gridlike
Zot:2:    kennysheep_six_static_rooms, layout_twisted_circle, drop_trap,
          lemuel_lake_of_fire
Zot:3:    layout_misc_corridors, skrybe_zot_glass_2
Zot:4:    layout_twisted_circle, grunt_ministairs_1
Zot:5:    layout_misc_corridors

Skill      XL: |  1  2  3  4  5  6  7  8  9 10 11 12 13 14 15 16 17 18 19 20 21 22 23 24 25 26 27 |
---------------+----------------------------------------------------------------------------------+-----
Long Blades    | 4 5 6 8 9 10 11 14 16 18 19 20 23 | 23.0
Fighting       | 3 6 8 10 11 12 13 14 16 17 18 19 21 22 24 25 26 27 | 27.0
Armour         | 2 4 5 7 9 11 12 14 15 16 18 20 22 23 25 26 27 | 27.0
Throwing       | 5 7 9 10 11 | 11.6
Evocations     | 1 4 5 8 9 10 11 14 | 14.0
Dodging        | 4 6 7 8 10 11 13 15 16 22 | 22.1
Shields        | 8 11 12 14 15 18 20 26 | 26.8

Action                   |  1- 3 |  4- 6 |  7- 9 | 10-12 | 13-15 | 16-18 | 19-21 | 22-24 | 25-27 || total
-------------------------+-------+-------+-------+-------+-------+-------+-------+-------+-------++-------
Melee: Long sword        |    71 |    94 |   196 |       |       |       |       |       |       ||   361
       Headbutt          |     7 |    15 |    60 |   119 |   272 |   135 |   326 |   545 |  1110 ||  2589
       Falchion          |       |    11 |    17 |       |       |       |       |       |       ||    28
       Scimitar          |       |       |    26 |   332 |       |       |       |       |       ||   358
       Great sword       |       |       |     6 |       |       |       |       |       |       ||     6
       Double sword      |       |       |       |    82 |   543 |    25 |    61 |       |       ||   711
       Eudemon blade     |       |       |       |       |   569 |   460 |   975 |  1148 |  2618 ||  5770
       Demon blade       |       |       |       |       |       |       |   217 |   917 |   861 ||  1995
Throw: Boomerang         |     2 |     6 |    24 |    28 |   104 |    19 |    26 |     7 |       ||   216
       Javelin           |       |       |       |       |     5 |       |       |     6 |    52 ||    63
Invok: Berserk           |       |       |     3 |     9 |    12 |     3 |     6 |    12 |    30 ||    75
       Brothers in Arms  |       |       |       |     4 |     3 |     1 |     2 |       |     7 ||    17
       Trog's Hand       |       |       |       |       |       |     1 |     7 |    16 |    11 ||    35
 Abil: Evoke Flight      |       |       |       |       |       |       |     5 |       |       ||     5
       Stop Flying       |       |       |       |       |       |       |     1 |       |       ||     1
Evoke: Wand              |       |       |       |     5 |    11 |       |       |     1 |     8 ||    25
  Use: Scroll            |       |       |    19 |     6 |     8 |     1 |    15 |     8 |    34 ||    91
       Potion            |       |       |       |       |       |     2 |     4 |     2 |     2 ||    10
 Stab: Sleeping          |       |       |       |     1 |       |       |       |       |       ||     1
       Confused          |       |       |       |       |       |       |     1 |       |       ||     1
       Distracted        |       |       |       |       |       |       |       |       |     3 ||     3
Armor: Leather armour    |    10 |       |       |       |       |       |       |       |       ||    10
       Scale mail        |       |    34 |    84 |    59 |   255 |    60 |   221 |    95 |       ||   808
       Plate armour      |       |       |       |    72 |       |       |       |       |       ||    72
       Chain mail        |       |       |       |       |       |       |       |   398 |   335 ||   733
       Crystal plate arm |       |       |       |       |       |       |       |       |   295 ||   295
Dodge: Dodged            |    53 |    56 |   100 |   165 |   408 |   107 |   337 |   542 |   797 ||  2565
Block: Kite shield       |       |       |       |       |   328 |   295 |   872 |  1433 |  1651 ||  4579
       Reflection        |       |       |       |       |    28 |    37 |    82 |   128 |   129 ||   404
       Tower shield      |       |       |       |       |       |       |       |       |  1038 ||  1038
       Rpst.: Long sword |    11 |    17 |    19 |       |       |       |       |       |       ||    47
       Scimitar          |       |       |     1 |    31 |       |       |       |       |       ||    32
       Double sword      |       |       |       |    10 |    64 |     1 |     6 |       |       ||    81
       Eudemon blade     |       |       |       |       |    40 |    11 |    38 |    56 |    70 ||   215
       Demon blade       |       |       |       |       |       |       |     8 |    40 |    22 ||    70

Table legend: (Time is in decaauts)
 A = Elapsed time spent in this place.
 B = Non-inter-level travel time spent in this place.
 C = Inter-level travel time spent in this place.
 D = Time resting spent in this place.
 E = Time spent auto-exploring this place.
 F = Levels seen in this place.
 G = Mean time per level.
                   A        B        C        D        E       F      G
               +--------+--------+--------+--------+--------+-----+--------+
         Total |  74184 |  70426 |   3758 |  17028 |  37181 |  58 | 1279.0 |
       Dungeon |  16397 |  15112 |   1285 |   2142 |   9590 |  15 | 1093.1 |
        Temple |    141 |    128 |     13 |      0 |    117 |   1 |  141.0 |
          Lair |  10618 |   9973 |    645 |   2597 |   5937 |   6 | 1769.7 |
         Swamp |   3114 |   3000 |    114 |    758 |   1600 |   4 |  778.5 |
     Snake Pit |   6856 |   6706 |    150 |   2494 |   2923 |   4 | 1714.0 |
  Orcish Mines |   1778 |   1597 |    181 |    277 |    888 |   2 |  889.0 |
   Elven Halls |   5186 |   4808 |    378 |   1065 |   2383 |   3 | 1728.7 |
        Vaults |  10415 |  10061 |    354 |   2283 |   5632 |   5 | 2083.0 |
        Depths |   7768 |   7517 |    251 |    878 |   4787 |   5 | 1553.6 |
           Zot |   9263 |   8879 |    384 |   3594 |   3115 |   5 | 1852.6 |
         Abyss |   2178 |   2178 |      0 |    841 |      0 |   6 |  363.0 |
        Bazaar |    155 |    155 |      0 |     10 |     80 |   1 |  155.0 |
       Ossuary |    309 |    309 |      0 |     85 |    125 |   1 |  309.0 |
               +--------+--------+--------+--------+--------+-----+--------+

Top non-repeatable levels by time:
Vaults:4: 4335 daAuts
 Snake:4: 3100 daAuts
   Zot:5: 3067 daAuts
Depths:3: 2604 daAuts
  Lair:4: 2418 daAuts
    D:10: 2254 daAuts
  Lair:5: 2175 daAuts
   Elf:3: 2049 daAuts
   Elf:1: 1885 daAuts
   Zot:4: 1881 daAuts
   Zot:2: 1765 daAuts
  Lair:2: 1758 daAuts
Vaults:5: 1756 daAuts
  Lair:6: 1741 daAuts
 Snake:1: 1650 daAuts
